Cogmind - Beta 17.1 @@@ ROGUE MODE // 2026.09.02 @ 00:39:01 Player: TheSkyeDoctor Result: Destroyed by D-53 Grenadier with Mini Grenade Launcher Performance ------------- Evolutions (0) 0 Regions Visited (2) 400 Robots Destroyed (10) 50 Value Destroyed (149) 149 Prototype IDs (0) 0 Alien Tech Used (0) 0 Bonus (0) 0 TOTAL SCORE: 599 Bonus ------- None Cogmind --------- Core Integrity 0/250 Matter 157/300 Energy 75/100 System Corruption 6% Temperature Cool (0) Movement Treading (240) Ox1 Location -10/Mines Parts ------- > --- POWER (1) -------- (None) > --- PROPULSION (2) --- Light Treads > --- UTILITY (2) ------ Large Storage Unit > --- WEAPON (2) ------- Rocket Launcher > --- INVENTORY (15) --- Light Ion Engine Light Treads Light Treads Light Treads Light Treads Light Treads Wheel Wheel Structural Scanner Improved Terrain Scanner Medium Laser Peak State ------------ > --- POWER ------------ Ion Engine > --- PROPULSION ------- Light Treads Light Treads > --- UTILITY ---------- Small Storage Unit Improved Terrain Scanner > --- WEAPON ----------- Medium Laser Medium Laser > --- INVENTORY -------- Light Ion Engine Wheel [Rating: 9] Favorites ----------- Power Ion Engine Engine Ion Engine Propulsion Light Treads Treads Light Treads Utility Seismic Detector Device Seismic Detector Storage Small Storage Unit Weapon Medium Laser Energy Gun Medium Laser Launcher Rocket Launcher Build | -11 -10 -10 ------- Run | Yrd Mat Min Slots Evolved . | . . . Power . | . . . Propulsion . | . . . Utility . | . . . Weapon . | . . . Parts Attached 13 | 8 2 3 Power 1 | 1 . . Engine 1 | 1 . . Core . | . . . Reactor . | . . . Propulsion 3 | 2 . 1 Treads 3 | 2 . 1 Leg . | . . . Wheel . | . . . Hover . | . . . Flight . | . . . Utility 5 | 3 2 . Device 2 | 2 . . Storage 3 | 1 2 . Processor . | . . . Hackware . | . . . Protection . | . . . Artifact . | . . . Weapon 4 | 2 . 2 Energy Gun 2 | 2 . . Energy Cannon . | . . . Ballistic Gun . | . . . Ballistic Cannon . | . . . Launcher 2 | . . 2 Special Weapon . | . . . Impact Weapon . | . . . Slashing Weapon . | . . . Piercing Weapon . | . . . Special Melee Weapon . | . . . Unidentified Prototypes . | . . . Parts Lost 5 | . . 5 Power 1 | . . 1 Propulsion 1 | . . 1 Utility 1 | . . 1 Weapon 2 | . . 2 Highest Loss Streak 5 | . . 5 To Critical Strikes . | . . . Average Backups 6 | 1 6 11 Power . | . 1 1 Propulsion 3 | . 3 7 Utility 1 | . 1 2 Weapon . | . . 1 Tool/Special . | . . . Unused Backups 8 | . . 8 Power 1 | . . 1 Propulsion 6 | . . 6 Utility 1 | . . 1 Weapon . | . . . Tool/Special . | . . . Average Slot Usage (%) 98 | . 100 95 Engine 13 | . 14 13 Treads 28 | . 28 28 Device 13 | . 14 12 Storage 14 | . 14 14 Energy Gun 26 | . 28 23 Peak Build Rating 9 | 9 8 8 Average Rating 7 | 5 7 7 On Entrance 5 | . 7 8 Avg Prop Armor Cover (%) . | . . . Naked Turns . | . . . Heaviest Build 30 | 15 30 30 Greatest Support 40 | 40 40 40 Greatest Overweight (x) . | . . . Average Overweight (x) . | . . . Largest Inventory Capacity 15 | 8 15 15 Average Capacity 10 | 7 10 15 Most Carried 12 | 4 11 12 Average Carried 6 | 1 6 11 Final Capacity 15 | 8 15 15 Final Carried 11 | 4 11 11 Class Distribution -------------------- 100% | Mutant Dominant Class ---------------- Mutant | -10/Materials Mutant | -10/Mines Resources | -11 -10 -10 ----------- Run | Yrd Mat Min Matter Collected 300 | 280 20 . Remotely . | . . . Salvage Created 374 | 142 218 14 Parts 16 | 7 9 . Haulers Intercepted . | . . . Recyclers Shooed . | . . . Parts Field Recycled . | . . . Retrieved Matter . | . . . Parts Self-Destructed . | . . . Prevented . | . . . Parts Restored . | . . . Kills | -11 -10 -10 ------- Run | Yrd Mat Min Combat Hostiles Destroyed 12 | . 3 9 Guns 3 | . 2 1 AOE 8 | . . 8 Classes Destroyed 6 | 2 3 1 Worker 2 | . 2 . Builder 1 | . 1 . Tunneler 3 | 3 . . Recycler 1 | 1 . . Grunt 3 | . 3 . Assembled 9 | . . 9 Best Kill Streak 9 | 2 1 9 Combat Bots Only 9 | . 1 9 Max Kills in Single Turn 1 | 1 1 1 Gunslinging . | . . . Exploded 1 | . . 1 Melee . | . . . Uniques/NPCs Destroyed . | . . . Combat | -11 -10 -10 -------- Run | Yrd Mat Min Hostile Shots Fired 39 | . 19 20 Missed 7 | . 5 2 Hits 32 | . 14 18 Melee 6 | . . 6 Projectile 26 | . 14 12 AOE 4 | . . 4 Part Disruptions 1 | . . 1 Damage Taken 851 | . 167 684 Core 283 | . 25 258 Absorbed by Shields . | . . . Core Remaining (%) 100 | 100 . . Volleys Fired 51 | 13 24 14 Largest 2 | 2 2 2 Hottest 100 | 100 100 100 Shots Fired 90 | 26 48 16 Gun 77 | 26 48 3 Cannon . | . . . Launcher 13 | . . 13 Special . | . . . Kinetic . | . . . Thermal 77 | 26 48 3 Explosive 13 | . . 13 Electromagnetic . | . . . Robot Hit Streak 7 | 5 7 5 Robot Miss Streak 5 | 2 5 1 Penetration Max . | . . . Secondary Targets . | . . . Shots Hit Robots 53 | 15 26 12 Core Hits 39 | 5 8 26 Critical Kills . | . . . Critical Parts Destroyed . | . . . Critical Strikes 7 | 2 5 . Burn 7 | 2 5 . Melee Attacks . | . . . Impact . | . . . Slashing . | . . . Piercing . | . . . Sneak Attacks . | . . . Combat Hostiles . | . . . Follow-up Attacks . | . . . Damage Inflicted 1420 | 199 315 906 Guns 551 | 199 315 37 Cannons . | . . . Explosions 869 | . . 869 Melee . | . . . Ramming . | . . . Kinetic . | . . . Thermal 551 | 199 315 37 Explosive 869 | . . 869 Electromagnetic . | . . . Impact . | . . . Slashing . | . . . Piercing . | . . . Highest Corruption 6 | . . 6 Average Corruption 5 | . . 5 Corruption Purged . | . . . Corruption Blocked . | . . . Effects 1 | . . 1 Message Errors 1 | . . 1 Overload Shots . | . . . Overflow Damage 38 | . . 38 Projectiles . | . . . Explosions 38 | . . 38 Melee . | . . . Knockbacks . | . . . Impact . | . . . Kinetic . | . . . Secondary . | . . . Self-Inflicted Damage 249 | . . 249 Shots 7 | . . 7 Rammed . | . . . Targets Rammed . | . . . Kicked . | . . . Crushed . | . . . Highest Temperature 186 | 178 186 39 Average Temperature 67 | 72 71 14 Received Heat Transfer 133 | . 93 40 Siege Activations . | . . . Martial Activations . | . . . Shielding Activations . | . . . Robots Disrupted . | . . . Combat Hostiles . | . . . Robots Corrupted . | . . . Combat Hostiles . | . . . Parts Fried . | . . . Impact Corruptions . | . . . Robots Melted 1 | . 1 . Combat Hostiles 1 | . 1 . Parts Melted 1 | 1 . . Heat Transferred 2146 | 740 1295 111 Parts Sabotaged . | . . . Parts Stolen . | . . . Parts Stripped . | . . . Power Chain Reactions . | . . . Alert | -11 -10 -10 ------- Run | Yrd Mat Min Maximum Alert Level . | . . . Low Security (%) 100 | 100 100 100 Level 1 . | . . . Level 2 . | . . . Level 3 . | . . . Level 4 . | . . . Level 5 . | . . . High Security . | . . . Max Security . | . . . Peak Influence 50 | 5 50 11 Initial . | . . . Average 8 | . 14 . Influence Increases 187 | 20 130 37 Destroy 0b10 Robot/C 60 | . 60 . Destroy 0b10 Robot/NC 35 | 20 15 . Destroy Leader 20 | . 20 . Successful Hack 5 | . 5 . Destroy Structure 37 | . . 37 Lose Combat Pursuer 30 | . 30 . Influence Decreases 186 | 20 130 36 Time Decay 163 | 20 130 13 Lost Part 23 | . . 23 Squads Dispatched 1 | . 1 . Investigation . | . . . Extermination . | . . . Reinforcement 1 | . 1 . Assault . | . . . Garrison . | . . . Intercept . | . . . Searches Triggered . | . . . Construction Impeded . | . . . Haulers Reinforced . | . . . Active Scanning Responses . | . . . Cargo Convoy Interrupts . | . . . Stealth | -11 -10 -10 --------- Run | Yrd Mat Min Distress Signals 1 | . . 1 Communications Jammed . | . . . Distress Signals . | . . . Times Spotted 29 | . 7 22 Peak Tracking Total 13 | . 3 13 Tactical Retreats 2 | . 1 1 Traps | -11 -10 -10 ------- Run | Yrd Mat Min Traps Triggered . | . . . Indirectly . | . . . Trap Hack Attempts . | . . . Triggered . | . . . Disarmed . | . . . Reprogrammed . | . . . Reused . | . . . Traps Extracted . | . . . Installed . | . . . Triggered . | . . . Machines | -11 -10 -10 ---------- Run | Yrd Mat Min Machines Disabled . | . . . Max in Single Turn . | . . . Machines Repaired . | . . . Machines Dismantled . | . . . Machines Sabotaged . | . . . Overloaded Fab Kills . | . . . Hacking | -11 -10 -10 --------- Run | Yrd Mat Min Machines Accessed 1 | . 1 . Terminals 1 | . 1 . Fabricators . | . . . Repair Stations . | . . . Recycling Units . | . . . Scanalyzers . | . . . Garrison Access . | . . . Total Hacks 3 | . 3 . Successful 1 | . 1 . Failed 2 | . 2 . Catastrophic 1 | . 1 . Database Lockouts . | . . . Manual 3 | . 3 . Terminals 3 | . 3 . Fabricators . | . . . Repair Stations . | . . . Recycling Units . | . . . Scanalyzers . | . . . Garrison Access . | . . . Terminal Hacks . | . . . Fabricator Hacks . | . . . Repair Station Hacks . | . . . Recycling Unit Hacks . | . . . Scanalyzer . | . . . Garrison Access Hacks . | . . . Unauthorized Hacks 1 | . 1 . Terminals 1 | . 1 . Botnet 1 | . 1 . Fabricators . | . . . Repair Stations . | . . . Recycling Units . | . . . Scanalyzers . | . . . Garrison Access . | . . . Data Cores Recovered . | . . . Used . | . . . Hacking Detections 1 | . 1 . Full Trace Events . | . . . Feedback Events . | . . . Feedback Blocked . | . . . Robot Schematics Acquired . | . . . Robots Built . | . . . Authchips . | . . . Time . | . . . Total Robot Build Rating . | . . . Part Schematics Acquired . | . . . Parts Built . | . . . Authchips . | . . . Time . | . . . Total Part Build Rating . | . . . Part Studies Acquired . | . . . Parts Repaired . | . . . Time . | . . . Parts Recycled . | . . . Recycled Matter . | . . . Retrieved Matter . | . . . Retrieved Components . | . . . Parts Scanalyzed . | . . . Part Schematics Acquired . | . . . Parts Damaged . | . . . Bothacking | -11 -10 -10 ------------ Run | Yrd Mat Min Used RIF Installer . | . . . Robots Hacked . | . . . Non-combat . | . . . Combat . | . . . Robot Hacks Applied . | . . . Relay Couplers Released . | . . . Fabnet Peak Effective % . | . . . Robots Rewired . | . . . Allies Hacked . | . . . Hacks Repelled . | . . . Allies | -11 -10 -10 -------- Run | Yrd Mat Min Total Allies . | . . . Largest Group . | . . . Highest-Rated Group . | . . . Highest-Rated Ally . | . . . Total Orders . | . . . Ally Attacks . | . . . Total Damage . | . . . Kills . | . . . Allies Corrupted . | . . . Allies Melted . | . . . Intel | -11 -10 -10 ------- Run | Yrd Mat Min Active Infowar (turns) 580 | 35 421 124 Terrain 6 | 6 . . Seismic 574 | 29 421 124 Robot Analysis Total . | . . . Derelict Logs Recovered . | . . . Drone Launches . | . . . Drone Recoveries . | . . . Exploration | -11 -10 -10 ------------- Run | Yrd Mat Min Turns Passed 757 | 191 421 145 Spaces Moved 370 | 93 209 68 Core 10 | 10 . . Treads 360 | 83 209 68 Legs . | . . . Wheels . | . . . Hover . | . . . Flight . | . . . Fastest Speed 50 | 50 160 160 Average Speed 157 | 148 160 160 Slowest Speed 160 | 160 160 160 Overloaded Moves . | . . . Propulsion Burnouts . | . . . Robots Hopped . | . . . Potential Cave-ins . | . . . Cave-ins Triggered . | . . . Exploration Rate (%) 19 | 5 28 25 Regions Visited 2 Branch Regions 1 Pre-discovered Areas . | . . . Known Exits Taken . | . . . Unknown Exits Taken 2 | 1 1 . Scrap Searched . | . . . Spaces Dug . | . . . Terrain Destroyed 81 | . . 81 Melee . | . . . Projectile . | . . . AOE 81 | . . 81 Terrain Rammed . | . . . Walls Destroyed . | . . . Machines Disabled . | . . . Actions | -11 -10 -10 --------- Run | Yrd Mat Min Total 453 | 117 248 88 Wait 6 | . 5 1 Move 368 | 92 208 68 Hop . | . . . Pick Up 11 | 3 7 1 Fast Attach 8 | 8 . . Attach 2 | . . 2 Detach 2 | 1 . 1 Swap 3 | . 2 1 Drop 2 | . 2 . Fire 51 | 13 24 14 Melee . | . . . Ram . | . . . Kick . | . . . Crush . | . . . Escape Stasis . | . . . Rewire . | . . . Trap . | . . . Miscellaneous . | . . . Route ------- -11/Scrapyard -10/Materials -10/Mines (discovered 1 exit: [*Mat]) History --------- Turn | Location | Event 6 | -11/Scrapyard | Discovered new exit (range 14) 192 | -11/Scrapyard | Entered Materials 307 | -10/Materials | Build established: Mutant 435 | -10/Materials | Discovered new exit (range 7) 613 | -10/Materials | Entered Mines 620 | -10/Mines | Received a Rocket Launcher from a helpful Derelict 697 | -10/Mines | Discovered new exit (range 9) 708 | -10/Mines | Assembled infested the area 713 | -10/Mines | Assisted by a Guerilla fighting off Assembled 736 | -10/Mines | Core integrity fell below 50% 756 | -10/Mines | Core integrity fell below 20% 758 | -10/Mines | Destroyed by D-53 Grenadier with Mini Grenade Launcher Last Messages --------------- 00744_ The unstable cave ceiling collapses. 00745_ as-56237 destroyed. 00745_ HV Slug penetrates Wall. 00745_ DJ-9PL(h) destroyed. 00746_ as-29912 destroyed. 00746_ as-52327 destroyed. 00747_ The unstable cave ceiling collapses. 00747_ as-45872 destroyed. 00747_ as-18679 sneak attacks. 00747_ U-05 Engineer destroyed. 00749_ The unstable cave ceiling collapses. 00749_ as-34024 destroyed. 00749_ as-11491 destroyed. 00750_ The unstable cave ceiling collapses. 00751_ Destroyed Asb. Hover Unit. 00751_ as-18679 destroyed. 00752_ The unstable cave ceiling collapses. 00755_ ITXS0B VCKSTKWTYFMWGIAVZX 00756_ The unstable cave ceiling collapses. 00756_ Lgt. Treads destroyed. Map ----- +----------------------------------------------------+ | | | | | | | | | | | | | | | | | | | | | | | | | | | | | | | | | | | | | | | | | | | ?????????????????????## # ##????????????? | | ????????????????????## ##???????????? | | ??????####??????????# ###?????????? | | ?????## ###????????# # #?????????? | | ?????# ##???????# @ ???? | | ####?# ###?????# # #??????????? | | # ##?# ##????# ##??????????? | | #?# #???# #???????????? | | ### ##??# # #??????????? | | ###???# # ####??????????? | | # ##?????## ?????????????? | | ## ########## ????????????? | | ?# ## ????????? | | ?# ## < d # "#????????? | | ?# ####### d # #?????????? | | # #?????# t g # #?????????? | | # ######?????# # #?????????? | | # ##??????????# ##???????????? | | #????????????## g #??????????????? | | ##?????????????## ##???????????????? | | #???????????????## ##????????????????? | | ????????????????? ###?????????????????? | | ????????????????? #???????????????????? | | ?????????????????? #???????????????????? | | ???????????????????#???????????????????? | | # ????????????????????????????????????????? | | # ??????????????????????????????????????????? | | ????????????????????????????????????????????? | | ????????????????????????????????????????????? | +----------------------------------------------------+ Best States ------------- Heat Dissipation 25 Energy Generation 10 Energy Capacity 250 Matter Stores 300 Matter Capacity 300 Sight Range 16 Terrain Scan Density 10 Evasion (%) 40 Recoil Reduction 2 Item Schematics ----------------- None Robot Schematics ------------------ None Fabricated ------------ Nothing Repaired ---------- Nothing Studied --------- None Alien Tech Used ----------------- None Achievements -------------- None Challenges ------------ None Game ------ Seed SpikedLauncherCharger Manual? 0 Play Time 00:06:49 Cumulative 186.7 hours Start 2026.09.02 @ 00:33:56 End 2026.09.02 @ 00:39:01 Sessions 1 Manual Loads 0 Difficulty Rogue Special Mode None Game No. 373 Rogue 373 Adventurer 0 Explorer 0 Win Type - Total 2 Types 2/0/0/0/0/0/0/0/0/0 Lore% 59 Gallery% 60 Achievement% 47 Wizard Run 0 Options --------- Layout 2 ASCII 0 Keyboard 1 Movement Arrows Keybinds 0 Fullscreen 1 Font 24/Smallcaps Map View 50x44 Zoom Use 0% Tactical HUD 1 Map Filters NONE Filters NONE Steam 1 RUN: 41356835-db29-42f6-92c2-9f509772e784